 Dungeon Crawl Stone Soup version 0.32-a0-872-g59262bdc9b (webtiles) character file.

Game seed: 8110539913666682444

14107 ciphuk the Grappler (level 11, -1/111 HPs)
             Began as a Troll Monk on Mar 30, 2024.
             Was an Initiate of Ru.
             Slain by a yak (9 damage)
             ... on level 11 of the Dungeon.
             The game lasted 00:18:35 (8548 turns).

ciphuk the Grappler (Troll Monk)                    Turns: 8548, Time: 00:18:36

Health: -1/111     AC:  8    Str: 25    XL:     11   Next: 84%
Magic:  10/10      EV: 11    Int: 12    God:    Ru [......]
Gold:   670        SH:  0    Dex: 12    Spells: 10/10 levels left

rFire   + .          .
                       - Unarmed
rCold   . . .        c - orb {light}
rNeg    + . .        w - +2 robe "Soumok" {rN+ Will+}
rPois   .            (helmet restricted)
rElec   .            o - +1 cloak
rCorr   .            (gloves unavailable)
SInv    .            (boots unavailable)
Will    +....        (no amulet)
Stlth   +            i - +6 ring of intelligence
HPRegen 1.18/turn    l - ring of protection from fire
MPRegen 0.12/turn

%: no passive effects
@: confused, ambrosia-drunk, glowing
A: large, unfitting armour, claws 3, regeneration 1, shaggy fur 1, tough skin 1
a: Renounce Religion


You were on level 11 of the Dungeon.
You worshipped Ru.
Ru was noncommittal.
You visited 2 branches of the dungeon, and saw 12 of its levels.
You also visited: Bailey.

You collected 812 gold pieces.
You spent 142 gold pieces at shops.

Inventory:

Hand Weapons
 t - a +7 dagger of draining
Missiles
 X - 10 large rocks (quivered)
Armour
 c - an orb of light (worn)
 k - a scarf of repulsion
 o - a +1 cloak (worn)
 w - the +2 robe "Soumok" (worn) {rN+ Will+}
   (You found it on level 3 of the Dungeon)

   rN+:       It protects you from negative energy.
   Will+:     It increases your willpower.
 B - the +0 robe of Pathos {Dex+4}
   (You bought it in a shop on level 6 of the Dungeon)

   Dex+4:     It affects your dexterity (+4).
 P - +0 steam dragon scales
 Q - a +0 troll leather armour
 W - +0 acid dragon scales
Jewellery
 i - a +6 ring of intelligence (left claw)
 j - a ring of wizardry
 l - a ring of protection from fire (right claw)
 v - a ring of see invisible
 z - a ring of wizardry
 U - a +4 ring of slaying
Talismans
 K - a talisman of death
Wands
 s - a wand of roots (10)
 D - a wand of charming (6)
 E - a wand of mindburst (17)
 J - a wand of light (14)
Scrolls
 a - 2 scrolls of amnesia {unknown}
 e - 14 scrolls of identify {unknown}
 f - 4 scrolls of fog {unknown}
 h - 3 scrolls of teleportation {unknown}
 p - 2 scrolls of silence {unknown}
 y - a scroll of immolation {unknown}
 A - 4 scrolls of noise {unknown}
 C - 2 scrolls of fear {unknown}
 H - 2 scrolls of enchant weapon {unknown}
 I - a scroll of brand weapon {unknown}
 L - 2 scrolls of revelation {unknown}
 M - 2 scrolls of blinking {unknown}
 N - 3 scrolls of vulnerability {unknown}
 S - a scroll of enchant armour {unknown}
 V - a scroll of torment {unknown}
Potions
 d - 3 potions of heal wounds {unknown}
 g - 2 potions of cancellation {unknown}
 m - 2 potions of resistance {unknown}
 n - a potion of degeneration {unknown}
 q - 3 potions of brilliance {unknown}
 r - a potion of invisibility {unknown}
 u - 3 potions of mutation {unknown}
 x - 3 potions of curing {unknown}
 F - 2 potions of berserk rage {unknown}
 G - a potion of experience {unknown}
 O - 3 potions of might {unknown}
 R - 2 potions of enlightenment {unknown}
 T - a potion of attraction {unknown}


   Skills:
 + Level 7.8 Fighting
 + Level 7.8 Dodging
 - Level 14.9 Unarmed Combat


You had 10 spell levels left.
You didn't know any spells.
Your spell library contained the following spells:

 Spells                   Type           Power      Damage    Failure   Level
 Apportation              Tloc           0%         N/A       32%         1
 Foxfire                  Conj/Fire      0%         2x1d4     32%         1
 Necrotise                Necr           0%         1d4       32%         1
 Sandblast                Erth           0%         2d4       32%         1
 Sting                    Conj/Alch      0%         1d3       32%         1
 Summon Small Mammal      Summ           0%         N/A       32%         1
 Blink                    Tloc           0%         N/A       45%         2
 Lesser Beckoning         Tloc           0%         N/A       45%         2
 Momentum Strike          Conj/Tloc      0%         3d8       45%         2
 Stone Arrow              Conj/Erth      0%         3d7       69%         3
 Animate Armour           Summ/Erth      0%         N/A       97%         4
 Brom's Barrelling Bould  Conj/Erth      0%         2d3       97%         4
 Plasma Beam              Fire/Air       0%         2x1d10    100%        6
 Starburst                Conj/Fire      0%         6d3       100%        6
 Lehudib's Crystal Spear  Conj/Erth      0%         10d2      100%        8


Dungeon Overview and Level Annotations

Branches:
Dungeon (11/15)            Temple (1/1) D:5            Lair (0/5) D:9
    Orc (0/2) D:10         Bailey (visited)

Altars:
Ashenzari
Cheibriados
Dithmenos
Elyvilon
Fedhas
Gozag
Hepliaklqana
Kikubaaqudgha
Makhleb
Nemelex Xobeh
Okawaru
Qazlal
Ru
Sif Muna
Trog
Uskayaw
Vehumet
Wu Jian
Xom
Yredelemnul
Zin
The Shining One

Shops:
D:2 (   D:6 [(=[=   D:9 [   D:10 *::


Innate Abilities, Weirdness & Mutations

You are too large for most types of armour.
You have claws for hands.
Your natural rate of healing is unusually fast.
You are covered in fur. (AC +1)
You have tough skin. (AC +1)


Message History

The two-headed ogre is heavily wounded.
You barely miss the two-headed ogre.
The two-headed ogre is heavily wounded.
You claw the two-headed ogre!
The two-headed ogre is severely wounded.
The two-headed ogre hits you but does no damage.
The two-headed ogre hits you with a +0 giant club!
You claw the two-headed ogre!
The two-headed ogre is almost dead.
You claw the two-headed ogre!
You kill the two-headed ogre!
You scratch the yak.
The yak is lightly wounded.
The yak closely misses you.
You claw the yak!
The yak is moderately wounded.
The yak gores you!
You mangle the yak!!
You kill the yak!
You feel your dexterity returning.
You claw the two-headed ogre!
The two-headed ogre is moderately wounded.
The two-headed ogre hits you with a +0 giant club!!
* * * LOW HITPOINT WARNING * * *
The two-headed ogre hits you with a +0 giant spiked club!
* * * LOW HITPOINT WARNING * * *
You mangle the two-headed ogre!!
The two-headed ogre is almost dead.
You scratch the two-headed ogre but do no damage.
The two-headed ogre is almost dead.
The two-headed ogre hits you with a +0 giant club!
* * * LOW HITPOINT WARNING * * *
The two-headed ogre misses you.
You claw the two-headed ogre!
You kill the two-headed ogre!
You feel your dexterity returning.
You are confused.
You feel invigorated. The yak gores you!
You die...
Ru respects your ultimate sacrifice.

#......#### .
..........###... . ..
#.................... ...
#.................).. ....
#. .....# ...........
..$..#.###Y#.##...........
.........Y...[<...........
.......9###$.^###.........
../..##.Y@..[....>.#......
.... #######.......##....
.. #.....#.......
####.......... ###........
#........ #........
##....... ##.......


You could see a yak and a gargoyle.

Vanquished Creatures
  Erolcha (D:11)
  3 two-headed ogres
  Pikel (D:8)
  An orc knight (Bailey)
  A deep elf zephyrmancer (Bailey)
  Maurice (D:7)
  2 cyclopes (D:11)
  A kobold demonologist (D:11)
  6 trolls
  2 shadows
  A wraith (D:11)
  A vampire (D:10)
  A wyvern (D:7)
  Eustachio (D:6)
  10 yaks
  A warg (D:10)
  Menkaure (D:3)
  A steam dragon (D:8)
  3 acid dragons
  A sky beast (D:7)
  6 orc warriors
  Duvessa (D:7)
  3 centaurs
  4 lemures (D:8)
  2 phantoms
  10 kobold brigands
  2 bullfrogs
  2 gnoll sergeants
  4 scorpions
  4 wights (D:5)
  Dowan (D:7)
  6 killer bees
  10 howler monkeys
  An electric eel (D:9)
  3 bombardier beetles
  A gnoll bouda (D:6)
  3 hounds
  A jelly (D:7)
  10 orc priests
  Crazy Yiuf (D:3)
  Jessica (D:3)
  Terence (D:3)
  5 iguanas
  2 sleepcaps (D:6)
  Ijyb (D:3)
  7 orc wizards
  8 adders
  12 gnolls
  4 shadow imps
  A white imp (D:7)
  4 ufetubi
  3 dart slugs
  5 ribbon worms (D:3)
  60 orcs
  10 ball pythons
  5 endoplasms
  3 giant cockroaches
  9 goblins
  7 hobgoblins
  22 kobolds
  6 quokkas
  3 bats
  5 frilled lizards
  14 rats
313 creatures vanquished.

Notes
Turn   | Place    | Note
-------+----------+-------------------------------------------
     0 | D:1      | ciphuk the Troll Monk began the quest for the Orb.
     0 | D:1      | Reached XP level 1. HP: 22/22 MP: 0/0
   143 | D:1      | Reached XP level 2. HP: 29/29 MP: 1/1
   160 | D:1      | Found a faded altar of an unknown god.
   342 | D:1      | Reached skill level 4 in Unarmed Combat
   429 | D:1      | Reached XP level 3. HP: 36/36 MP: 2/2
   974 | D:2      | Reached skill level 5 in Unarmed Combat
   974 | D:2      | Reached XP level 4. HP: 44/44 MP: 3/3
  1371 | D:2      | Found Rilouxt's Weapon Shoppe.
  1417 | D:3      | Identified the +2 robe "Soumok" {rN+ Will+}
  1487 | D:3      | Found a blossoming altar of Fedhas.
  1563 | D:3      | Reached XP level 5. HP: 50/50 MP: 4/4
  1617 | D:3      | Noticed Ijyb
  1624 | D:3      | Killed Ijyb
  1625 | D:3      | Reached skill level 6 in Unarmed Combat
  1638 | D:3      | Found a runed translucent door.
  1639 | D:3      | Noticed Crazy Yiuf
  1742 | D:3      | Noticed Terence
  1761 | D:3      | Killed Terence
  1824 | D:3      | Noticed Jessica
  1828 | D:3      | Killed Jessica
  2069 | D:3      | Killed Crazy Yiuf
  2234 | D:4      | Reached XP level 6. HP: 59/59 MP: 5/5
  2237 | D:4      | Reached skill level 7 in Unarmed Combat
  2280 | D:4      | Noticed Menkaure
  2361 | D:3      | Killed Menkaure
  2362 | D:3      | Reached skill level 8 in Unarmed Combat
  2362 | D:3      | Reached XP level 7. HP: 52/66 MP: 6/6
  2453 | D:4      | Found a shadowy altar of Dithmenos.
  2874 | D:5      | Entered Level 5 of the Dungeon
  2924 | D:5      | Reached skill level 9 in Unarmed Combat
  3065 | D:5      | Found an iron altar of Okawaru.
  3170 | D:5      | Reached XP level 8. HP: 62/74 MP: 7/7
  3177 | D:5      | Reached skill level 10 in Unarmed Combat
  3476 | D:5      | Found a stormy altar of Qazlal.
  3549 | D:5      | Found a staircase to the Ecumenical Temple.
  3834 | Temple   | Entered the Ecumenical Temple
  3869 | D:6      | Reached skill level 11 in Unarmed Combat
  3914 | D:6      | Found an ornate altar of the Wu Jian Council.
  3960 | D:6      | Found Zuxkom's Jewellery Boutique.
  3990 | D:6      | Found Nozisk's Antique Armour Shop.
  4170 | D:6      | Found Noel's Jewellery Emporium.
  4325 | D:6      | Found Hemobiveov's Antique Weapon Shoppe.
  4335 | D:6      | Noticed Eustachio
  4347 | D:6      | Killed Eustachio
  4377 | D:6      | Found Nargh's Antique Armour Emporium.
  4383 | D:6      | Reached skill level 12 in Unarmed Combat
  4390 | D:6      | Reached XP level 9. HP: 80/80 MP: 8/8
  4396 | D:6      | Bought a pitted robe for 142 gold pieces
  4396 | D:6      | Identified the +0 robe of Pathos {Dex+4} (You bought it in
                  | a shop on level 6 of the Dungeon)
  4728 | D:7      | Found a broken altar of Ashenzari.
  4750 | D:7      | Reached skill level 13 in Unarmed Combat
  4854 | D:7      | Found a glowing golden altar of the Shining One.
  4854 | D:7      | Noticed Maurice
  4855 | D:7      | Noticed Dowan
  4858 | D:7      | Noticed Duvessa
  4866 | D:7      | Killed Duvessa
  4881 | D:7      | Found a flagged portal.
  4892 | Bailey   | Entered a bailey
  4996 | Bailey   | Noticed an orc knight
  5009 | Bailey   | Killed an orc knight
  5010 | Bailey   | Reached skill level 14 in Unarmed Combat
  5088 | Bailey   | Found a large runed translucent door.
  5088 | Bailey   | Found a large runed translucent door.
  5124 | Bailey   | Noticed a deep elf zephyrmancer
  5209 | Bailey   | Killed a deep elf zephyrmancer
  5210 | Bailey   | Reached XP level 10. HP: 68/88 MP: 9/9
  5255 | Bailey   | Identified the +9 plate armour "Plog" {rPois rC+ Dex+3}
  5299 | D:7      | Killed Dowan
  5324 | D:7      | Maurice stole a talisman of death
  5326 | D:7      | Killed Maurice
  5774 | D:8      | Found a sacrificial altar of Ru.
  5797 | D:8      | Became a worshipper of Ru the Awakened
  6219 | D:8      | Noticed a two-headed ogre
  6228 | D:8      | Killed a two-headed ogre
  6357 | D:9      | Noticed Pikel
  6377 | D:8      | Killed Pikel
  6567 | D:9      | Found a snail-covered altar of Cheibriados.
  6621 | D:9      | Found a staircase to the Lair.
  6720 | D:9      | Reached skill level 5 in Fighting
  6720 | D:9      | Reached skill level 5 in Dodging
  6920 | D:9      | Found Qeinira's Armour Shoppe.
  6953 | D:9      | Found a burning altar of Makhleb.
  6965 | D:9      | Noticed a green death
  7014 | D:9      | Found an ancient bone altar of Kikubaaqudgha.
  7041 | D:9      | Reached XP level 11. HP: 87/104 MP: 10/10
  7379 | D:10     | Entered Level 10 of the Dungeon
  7414 | D:10     | Found an opulent altar of Gozag.
  7710 | D:10     | Found a staircase to the Orcish Mines.
  7778 | D:10     | Found Jaom's Book Shoppe.
  7952 | D:10     | Found Lypnaxt's Self-Published Books.
  8031 | D:10     | Found Jeihef's Changing Room.
  8230 | D:11     | Noticed Erolcha
  8287 | D:11     | Killed Erolcha
  8519 | D:11     | Noticed a two-headed ogre
  8526 | D:11     | Noticed a two-headed ogre
  8540 | D:11     | Killed a two-headed ogre
  8546 | D:11     | HP: 2/110 [two-headed ogre/+0 giant club (10)]
  8547 | D:11     | Killed a two-headed ogre
  8548 | D:11     | Slain by a yak

Illustrated notes

Levels and vault maps discovered:
D:1:      sevenhm_arrival_forest_fort_large_2, layout_rooms,
          ebering_ecumenical_altar_rust, minmay_rat_gold_closets
D:2:      layout_loops_ring, serial_shops, shop
D:3:      layout_rooms, mainiacjoe_overflow_small_starburst, nicolae_wormholes,
          uniq_jessica, uniq_terence, uniq_crazy_yiuf_cottage, uniq_ijyb
D:4:      layout_gridville, nicolae_dithmenos_the_darkroom, minmay_checkerbox,
          uniq_menkaure
D:5:      nicolae_cairo_tiling_very_big, layout_cave_pods,
          kennysheep_little_box, grunt_qazlal_sundering
D:6:      layout_basic, nicolae_wu_jian_wuxing_cycle, serial_shops, shop, shop,
          nicolae_shop_stone, nicolae_shop_rolling_square, shop, uniq_eustachio
D:7:      layout_cave_pools, lemuel_tele_altar, ashenzari_altar_1,
          enter_bailey_5, uniq_duvessa, uniq_maurice
D:8:      layout_gridville, kennysheep_mini
D:9:      kennysheep_blocky_hall, layout_basic, makhleb_altar_promises_db,
          mainiacjoe_overflow_chevrons, slow_altar_1, serial_shops, shop,
          uniq_pikel
D:10:     layout_basic, mainiacjoe_overflow_catwalk, erik_orc_3, serial_shops,
          shop, nicolae_transmutations_shop, chequers_serial_rivers_marsh,
          nicolae_custom_books
D:11:     layout_rooms, chequers_serial_rivers_micro_c, uniq_erolcha
Temple:   dpeg_chambers_temple

Skill      XL: |  1  2  3  4  5  6  7  8  9 10 11 |
---------------+----------------------------------+-----
Unarmed Combat | 4 5 6 8 9 12 14 | 14.9
Fighting       | 5 7 |  7.8
Dodging        | 5 7 |  7.8

Action                     |  1- 3 |  4- 6 |  7- 9 | 10-12 || total
---------------------------+-------+-------+-------+-------++-------
  Melee: Unarmed           |    95 |   129 |   265 |   276 ||   765
 Invoke: Reject Sacrifices |       |       |       |     2 ||     2
    Use: Potion            |       |       |       |     1 ||     1
 Armour: Robe              |    41 |    81 |   191 |   235 ||   548
  Dodge: Dodged            |    38 |    54 |    87 |   141 ||   320

Table legend: (Time is in decaauts)
 A = Elapsed time spent in this place.
 B = Non-inter-level travel time spent in this place.
 C = Inter-level travel time spent in this place.
 D = Time resting spent in this place.
 E = Time spent auto-exploring this place.
 F = Levels seen in this place.
 G = Mean time per level.
                   A        B        C        D        E       F      G
               +--------+--------+--------+--------+--------+-----+--------+
         Total |   8413 |   8149 |    264 |    448 |   5897 |  13 |  647.2 |
       Dungeon |   8021 |   7757 |    264 |    372 |   5741 |  11 |  729.2 |
        Temple |      1 |      1 |      0 |      0 |      0 |   1 |    1.0 |
        Bailey |    391 |    391 |      0 |     76 |    156 |   1 |  391.0 |
               +--------+--------+--------+--------+--------+-----+--------+

Top non-repeatable levels by time:
     D:9: 974 daAuts
     D:5: 951 daAuts
    D:10: 866 daAuts
     D:3: 844 daAuts
     D:8: 817 daAuts
     D:6: 750 daAuts
     D:1: 699 daAuts
     D:2: 692 daAuts
     D:4: 615 daAuts
     D:7: 529 daAuts
  Bailey: 391 daAuts
    D:11: 278 daAuts
  Temple: 1 daAuts
